Blue Jackets vs Red Wings
Created - January 4, 2018 at 17:28
Goals
|
| Blue Jackets |
2 |
0 |
1 |
3 |
| Red Wings |
1 |
4 |
1 |
6 |
|
Shots
|
| Blue Jackets |
9 |
10 |
12 |
31 |
| Red Wings |
13 |
16 |
11 |
40 |
|
1st period
1. Blue Jackets , Mike York 4 (Martin Havlat 21, Branislav Mezei 12) at 14:37 (PP)
2. Blue Jackets , Pavel Datsyuk 20 (Branislav Mezei 13) at 18:55
3. Red Wings , Tyler Johnson 7 (Brendan Bell 3, Brent Seabrook 20) at 19:33
Penalties :
Kevin Bieksa (Clb) for Cross-checking (Minor) at 2:29, Torey Krug (Clb) for Tripping (Minor) at 11:01, Alex Picard (Det) for Holding (Minor) at 13:20, Pavel Datsyuk (Clb) for Tripping (Minor) at 16:50
2nd period
4. Red Wings , Tyler Johnson 8 (Phil Kessel 13, Sean Bergenheim 12) at 5:14
5. Red Wings , Adam Henrique 10 (Mike Richards 22, Ole-Kristian Tollefsen 14) at 13:43
6. Red Wings , Rick Nash 25 (Mike Richards 23, Brendan Bell 4) at 15:00
7. Red Wings , Chris Kelly 8 (Nino Niederreiter 6, Alex Picard 8) at 19:15
Penalties :
Phil Kessel (Det) for Interference (Minor) at 0:45, Philip Samuelsson (Det) for Roughing (Minor) at 7:01
3rd period
8. Blue Jackets , Peter Mueller 10 (Peter Worrell 4, Mike Brown 5) at 2:04
9. Red Wings , Tyler Johnson 9 (Phil Kessel 14, Ole-Kristian Tollefsen 15) at 15:30
Penalties :
Fedor Fedorov (Clb) for Hooking (Minor) at 6:42
Goalie Stats
Rick DiPietro (Clb), 34 saves from 40 shots - (0.850), L, 15-11-1, 60:00 minutes
Michal Neuvirth (Det), 28 saves from 31 shots - (0.903), W, 21-4-2, 60:00 minutes
Players Stats for Blue Jackets
Player Name G A P +/- PIM S H SB GA TA FO MP PP MP PK MP
------------------------------------------------------------------------------------
A.J Thelen 0 0 0 -1 0 0 0 1 1 1 0/0 12:19 0:00 2:01
Andreas Nodl 0 0 0 0 0 0 1 0 0 1 0/2 7:31 1:37 0:00
Branislav Mezei 0 2 2 -2 0 1 2 1 0 2 0/0 29:40 3:41 4:49
Fedor Fedorov 0 0 0 1 2 0 0 0 0 0 0/0 7:28 0:05 1:04
Jan Bulis 0 0 0 0 0 6 1 0 0 0 3/7 12:24 1:37 0:25
Jeff Taffe 0 0 0 -1 0 0 2 1 1 0 0/1 12:37 0:00 2:26
Kevin Bieksa 0 0 0 -2 2 1 1 1 0 1 0/0 28:37 3:41 3:30
Kevin Porter 0 0 0 0 0 1 0 0 0 1 2/4 6:21 0:05 0:00
Mark Stone 0 0 0 -1 0 0 2 0 1 0 0/0 10:31 0:05 0:00
Martin Havlat 0 1 1 -3 0 3 3 0 0 0 1/4 21:49 3:33 1:59
Mike Brown 0 1 1 -1 0 2 1 0 0 1 0/0 14:01 0:00 0:00
Mike Commodore 0 0 0 -1 0 0 0 0 0 0 0/0 10:50 0:00 0:00
Mike York 1 0 1 -3 0 4 2 1 0 0 5/10 24:11 3:33 4:33
Pavel Datsyuk 1 0 1 -2 2 3 3 2 1 2 12/28 22:50 3:33 3:02
Peter Mueller 1 0 1 -1 0 5 0 0 1 0 2/10 14:01 0:00 0:00
Peter Worrell 0 1 1 -1 0 5 2 0 1 0 0/1 18:06 1:37 2:23
Tim Ramholt 0 0 0 -1 0 0 2 2 0 1 0/0 19:55 1:34 3:22
Torey Krug 0 0 0 -1 2 0 0 3 0 0 0/0 18:49 1:34 2:10
Players Stats for Red Wings
Player Name G A P +/- PIM S H SB GA TA FO MP PP MP PK MP
------------------------------------------------------------------------------------
Adam Henrique 1 0 1 1 0 1 0 1 1 0 0/0 19:48 3:18 0:00
Ales Hemsky 0 0 0 0 0 1 0 0 2 0 1/1 7:17 0:00 0:00
Alex Picard 0 1 1 0 2 1 0 0 1 0 0/0 9:43 0:00 0:09
Brendan Bell 0 2 2 2 0 2 1 2 0 2 0/0 18:36 0:00 2:10
Brent Seabrook 0 1 1 2 0 3 2 0 0 2 0/0 27:14 4:43 3:05
Chris Kelly 1 0 1 0 0 3 1 0 0 0 3/7 10:07 0:00 0:16
Filip Kuba 0 0 0 2 0 0 2 0 1 0 0/0 20:43 3:13 3:05
Mike Richards 0 2 2 2 0 3 1 1 0 0 22/31 20:58 4:38 0:00
Nate Thompson 0 0 0 0 0 0 0 1 0 0 1/2 7:17 0:00 0:00
Nino Niederreiter 0 1 1 0 0 1 1 1 0 0 1/1 12:21 0:10 2:14
Ole-Kristian Tollefsen 0 2 2 0 0 3 1 3 0 1 0/0 23:50 4:43 2:10
Phil Kessel 0 2 2 2 2 3 0 0 1 0 1/2 16:50 3:18 0:00
Philip Samuelsson 0 0 0 1 2 0 0 0 0 0 0/0 20:41 3:13 0:00
Rick Nash 1 0 1 2 0 2 3 0 2 1 3/6 23:50 4:38 2:52
Robert Dome 0 0 0 0 0 2 1 0 0 0 0/0 7:17 0:00 0:00
Sean Bergenheim 0 1 1 3 0 10 3 0 2 0 0/1 20:25 4:28 2:52
Theo Peckham 0 0 0 1 0 0 0 1 0 0 0/0 8:59 0:00 0:00
Tyler Johnson 3 0 3 2 0 5 2 0 0 0 10/16 18:46 3:18 2:07
3 Stars
1 - Tyler Johnson (Det)
2 - Rick Nash (Det)
3 - Brendan Bell (Det)
Power Play
Blue Jackets - 1 on 3 Attempt(s) - 33.33%
Red Wings - 0 on 4 Attempt(s) - 0.00%
Penalty Kill
Blue Jackets - 4 on 4 Attempt(s) - 100.00%
- Score 0 goal in Penalty Kill
Red Wings - 2 on 3 Attempt(s) - 66.67%
- Score 0 goal in Penalty Kill
Team Stat
Blue Jackets - Hits : 22 - Faceoff Wins : 25 - Blocked Shots : 12 - Penalty Minutes : 8
Red Wings - Hits : 18 - Faceoff Wins : 42 - Blocked Shots : 10 - Penalty Minutes : 6
Official
Referees : Charron Francis and Devorski Paul
Linesman : Dan Schachte and Pierre Racicot
Game Notes
Tyler Johnson has scored a Hat Trick!
Finance
Level 1 -- Attendance: 6000 (100.00%) -- Ticket Income $522,000
Level 2 -- Attendance: 3690 (73.80%) -- Ticket Income $214,020
Level 3 -- Attendance: 1673 (83.65%) -- Ticket Income $66,920
Level 4 -- Attendance: 2832 (70.80%) -- Ticket Income $82,128
Luxury Box -- Attendance: 815 (81.50%) -- Ticket Income $136,920
Game was played at the Joe Louis Arena.
Total Attendance: 15010 (83.39%)
Total Ticket Income: $1,021,988
Other Income: $153,298
Total Income: $1,175,286
Blue Jackets
5 vs 5 Forward
Center Left Wing Right Wing Time % Phy DF OF
1 Pavel Datsyuk Mike York Martin Havlat 40 1 2 2
2 Peter Mueller Peter Worrell Mike Brown 30 1 2 2
3 Jan Bulis Jeff Taffe Mark Stone 20 1 2 2
4 Kevin Porter Fedor Fedorov Andreas Nodl 10 1 2 2
5 vs 5 Defense
Defense Defense Time % Phy DF OF
1 Branislav Mezei Kevin Bieksa 40 1 2 2
2 Tim Ramholt Torey Krug 30 1 2 2
3 Mike Commodore A.J Thelen 20 1 2 2
4 Branislav Mezei Kevin Bieksa 10 1 2 2
PowerPlay Forward
Center Left Wing Right Wing Time % Phy DF OF
1 Pavel Datsyuk Mike York Martin Havlat 60 1 2 2
2 Jan Bulis Peter Worrell Andreas Nodl 40 1 2 2
PowerPlay Defense
Defense Defense Time % Phy DF OF
1 Branislav Mezei Kevin Bieksa 60 1 2 2
2 Tim Ramholt Torey Krug 40 1 2 2
Penalty Kill 4 Players Forward
Center Wing Time % Phy DF OF
1 Mike York Pavel Datsyuk 60 1 2 2
2 Martin Havlat Peter Worrell 40 1 2 2
Penalty Kill 4 Players Defense
Defense Defense Time % Phy DF OF
1 Branislav Mezei Kevin Bieksa 60 1 2 2
2 Tim Ramholt Torey Krug 40 1 2 2
Penalty Kill - 3 Players Forward
Forward Time % Phy DF OF
1 Martin Havlat 60 1 2 2
2 Pavel Datsyuk 40 1 2 2
Penalty Kill - 3 Players Defense
Defense Defense Time % Phy DF OF
1 Branislav Mezei Kevin Bieksa 60 1 2 2
2 Tim Ramholt Torey Krug 40 1 2 2
4 vs 4 Forward
Center Wing Time % Phy DF OF
1 Mike York Pavel Datsyuk 60 1 2 2
2 Martin Havlat Peter Worrell 40 1 2 2
4 vs 4 Defense
Defense Defense Time % Phy DF OF
1 Branislav Mezei Kevin Bieksa 60 1 2 2
2 Tim Ramholt Torey Krug 40 1 2 2
Last Minutes Offensive
Center Left Wing Right Wing Defense Defense
Pavel Datsyuk Jan Bulis Martin Havlat Branislav Mezei Kevin Bieksa
Last Minutes Defensive
Center Left Wing Right Wing Defense Defense
Pavel Datsyuk Jan Bulis Martin Havlat Branislav Mezei Kevin Bieksa
Goaltenders
Starting : Rick DiPietro
Backup : Keith Kinkaid
Extra Forwards
Normal : Kevin Porter, Mike York, Jeff Taffe - PP : Kevin Porter, Mike York - PK : Jeff Taffe
Extra Defensemen
Normal : Mike Commodore, A.J Thelen, Tim Ramholt - PP : Mike Commodore - PK : A.J Thelen, Tim Ramholt
Penalty Shots
Jeff Taffe, Pavel Datsyuk, Martin Havlat, Peter Worrell, Mike York
Scratches
Dave Steckel (Healthy), David Booth (Facial Surgery Injury), Mike Lundin (Broken Right Thumb Injury)
Red Wings
5 vs 5 Forward
Center Left Wing Right Wing Time % Phy DF OF
1 Mike Richards Adam Henrique Rick Nash 40 0 2 3
2 Tyler Johnson Sean Bergenheim Phil Kessel 33 0 2 3
3 Chris Kelly Alex Picard Nino Niederreiter 20 0 3 2
4 Nate Thompson Robert Dome Ales Hemsky 7 1 2 2
5 vs 5 Defense
Defense Defense Time % Phy DF OF
1 Brent Seabrook Brendan Bell 35 0 3 2
2 Philip Samuelsson Ole-Kristian Tollefsen 35 0 3 2
3 Filip Kuba Theo Peckham 20 0 3 2
4 Filip Kuba Brent Seabrook 10 0 3 2
PowerPlay Forward
Center Left Wing Right Wing Time % Phy DF OF
1 Rick Nash Sean Bergenheim Mike Richards 60 0 1 4
2 Tyler Johnson Adam Henrique Phil Kessel 40 0 1 4
PowerPlay Defense
Defense Defense Time % Phy DF OF
1 Ole-Kristian Tollefsen Brent Seabrook 60 0 2 3
2 Filip Kuba Philip Samuelsson 40 0 2 3
Penalty Kill 4 Players Forward
Center Wing Time % Phy DF OF
1 Tyler Johnson Nino Niederreiter 50 1 2 2
2 Rick Nash Sean Bergenheim 50 1 2 2
Penalty Kill 4 Players Defense
Defense Defense Time % Phy DF OF
1 Brent Seabrook Filip Kuba 50 1 2 2
2 Brendan Bell Ole-Kristian Tollefsen 50 1 2 2
Penalty Kill - 3 Players Forward
Forward Time % Phy DF OF
1 Sean Bergenheim 60 1 2 2
2 Nino Niederreiter 40 1 2 2
Penalty Kill - 3 Players Defense
Defense Defense Time % Phy DF OF
1 Filip Kuba Brent Seabrook 50 1 2 2
2 Brendan Bell Ole-Kristian Tollefsen 50 1 2 2
4 vs 4 Forward
Center Wing Time % Phy DF OF
1 Mike Richards Rick Nash 60 1 2 2
2 Tyler Johnson Phil Kessel 40 1 2 2
4 vs 4 Defense
Defense Defense Time % Phy DF OF
1 Brent Seabrook Filip Kuba 60 1 2 2
2 Ole-Kristian Tollefsen Philip Samuelsson 40 1 2 2
Last Minutes Offensive
Center Left Wing Right Wing Defense Defense
Mike Richards Rick Nash Phil Kessel Brent Seabrook Ole-Kristian Tollefsen
Last Minutes Defensive
Center Left Wing Right Wing Defense Defense
Tyler Johnson Sean Bergenheim Rick Nash Brent Seabrook Filip Kuba
Goaltenders
Starting : Michal Neuvirth
Backup : Ilya Bryzgalov
Extra Forwards
Normal : Rick Nash, Tyler Johnson, Nino Niederreiter - PP : Nino Niederreiter, Chris Kelly - PK : Rick Nash
Extra Defensemen
Normal : Brent Seabrook, Ole-Kristian Tollefsen, Philip Samuelsson - PP : Philip Samuelsson - PK : Philip Samuelsson, Theo Peckham
Penalty Shots
Rick Nash, Mike Richards, Phil Kessel, Brent Seabrook, Sean Bergenheim
Scratches
Jiri Fischer (Strained Left Knee Injury), Oleg Saprykin (Strained Left Elbow Injury)
% Time on Ice - Blue Jackets
Lines # - Real PCT - Wanted PCT - Time Play
Normal Forward
1 - 35% - 40% - 16:31
2 - 30% - 30% - 14:13
3 - 22% - 20% - 10:11
4 - 13% - 10% - 5:54
Normal Defense
1 - 42% - 40% - 19:32
2 - 32% - 30% - 15:06
3 - 22% - 20% - 10:16
4 - 4% - 10% - 1:55
PP Forward
1 - 69% - 60% - 3:38
2 - 31% - 40% - 1:37
PP Defense
1 - 70% - 60% - 3:41
2 - 30% - 40% - 1:34
PK Forward
1 - 75% - 60% - 5:57
2 - 25% - 40% - 1:59
PK Defense
1 - 63% - 60% - 5:01
2 - 37% - 40% - 2:55
PK3 Forward
1 - 0% - 60%
2 - 0% - 40%
PK3 Defense
1 - 0% - 60%
2 - 0% - 40%
44 Forward
1 - 0% - 60%
2 - 0% - 40%
44 Defense
1 - 0% - 60%
2 - 0% - 40%
Last Minute Offensive - 0:00
Last Minute Defensive - 0:00
Total
Forward - 60:00
Defense - 60:00
|
% Time on Ice - Red Wings
Lines # - Real PCT - Wanted PCT - Time Play
Normal Forward
1 - 36% - 40% - 16:40
2 - 28% - 33% - 13:17
3 - 20% - 20% - 9:35
4 - 16% - 7% - 7:17
Normal Defense
1 - 35% - 35% - 16:24
2 - 38% - 35% - 17:45
3 - 19% - 20% - 8:43
4 - 8% - 10% - 3:57
PP Forward
1 - 58% - 60% - 4:38
2 - 42% - 40% - 3:18
PP Defense
1 - 59% - 60% - 4:43
2 - 41% - 40% - 3:13
PK Forward
1 - 45% - 50% - 2:23
2 - 55% - 50% - 2:52
PK Defense
1 - 59% - 50% - 3:05
2 - 41% - 50% - 2:10
PK3 Forward
1 - 0% - 60%
2 - 0% - 40%
PK3 Defense
1 - 0% - 50%
2 - 0% - 50%
44 Forward
1 - 0% - 60%
2 - 0% - 40%
44 Defense
1 - 0% - 60%
2 - 0% - 40%
Last Minute Offensive - 0:00
Last Minute Defensive - 0:00
Total
Forward - 60:00
Defense - 60:00
|
Play by Play
1st period
0:01 of 1st period - Mike Richards wins face-off versus Pavel Datsyuk in neutral zone.
0:33 of 1st period - Snap shot by Sean Bergenheim.
0:33 of 1st period - Stopped by Rick DiPietro without a rebound.
0:34 of 1st period - Jan Bulis wins face-off versus Chris Kelly in Blue Jackets zone.
1:03 of 1st period - Slapshot by Kevin Porter.
1:03 of 1st period - Stopped by Michal Neuvirth without a rebound.
1:04 of 1st period - Nate Thompson wins face-off versus Andreas Nodl in Red Wings zone.
1:49 of 1st period - Snap shot by Peter Mueller.
1:49 of 1st period - Stopped by Michal Neuvirth with a rebound.
1:55 of 1st period - Snap shot by Peter Worrell.
1:55 of 1st period - Stopped by Michal Neuvirth with a rebound.
2:03 of 1st period - Mike Commodore is hit by Sean Bergenheim and loses puck.
2:29 of 1st period - Minor Penalty to Kevin Bieksa for Cross-checking.
2:30 of 1st period - Rick Nash wins face-off versus Mike York in Blue Jackets zone.
2:34 of 1st period - Backhand shot by Sean Bergenheim.
2:34 of 1st period - Stopped by Rick DiPietro with a rebound.
2:36 of 1st period - Slapshot by Ole-Kristian Tollefsen.
2:36 of 1st period - Shot Blocked by Tim Ramholt.
4:29 of 1st period - Penalty to Kevin Bieksa is over, Kevin Bieksa is back on ice.
4:58 of 1st period - Icing by Alex Picard.
4:59 of 1st period - Kevin Porter wins face-off versus Chris Kelly in Red Wings zone.
5:28 of 1st period - Wrist shot by Ales Hemsky.
5:28 of 1st period - Stopped by Rick DiPietro without a rebound.
5:29 of 1st period - Ales Hemsky wins face-off versus Pavel Datsyuk in Blue Jackets zone.
5:32 of 1st period - Wrist shot by Robert Dome.
5:32 of 1st period - Shot Misses the Net.
5:40 of 1st period - Slapshot by Ales Hemsky.
5:40 of 1st period - Shot Misses the Net.
6:01 of 1st period - Wrist shot by Adam Henrique.
6:01 of 1st period - Deflect By Mike Richards.
6:01 of 1st period - Shot Misses the Net.
6:01 of 1st period - Puck is out of play.
6:02 of 1st period - Mike Richards wins face-off versus Martin Havlat in Blue Jackets zone.
6:27 of 1st period - Snap shot by Peter Mueller.
6:27 of 1st period - Shot Misses the Net.
6:37 of 1st period - Wrist shot by Peter Mueller.
6:37 of 1st period - Stopped by Michal Neuvirth without a rebound.
6:38 of 1st period - Mike Richards wins face-off versus Pavel Datsyuk in Red Wings zone.
7:14 of 1st period - Snap shot by Peter Worrell.
7:14 of 1st period - Shot Misses the Net.
7:28 of 1st period - Slapshot by Jan Bulis.
7:28 of 1st period - Stopped by Michal Neuvirth with a rebound.
8:06 of 1st period - Martin Havlat is hit by Brent Seabrook and loses puck.
8:49 of 1st period - Slapshot by Brent Seabrook.
8:49 of 1st period - Deflect By Alex Picard.
8:49 of 1st period - Stopped by Rick DiPietro with a rebound.
8:51 of 1st period - Snap shot by Brent Seabrook.
8:51 of 1st period - Stopped by Rick DiPietro without a rebound.
8:52 of 1st period - Jan Bulis wins face-off versus Chris Kelly in Blue Jackets zone.
9:03 of 1st period - Wrist shot by Jan Bulis.
9:03 of 1st period - Stopped by Michal Neuvirth without a rebound.
9:04 of 1st period - Pavel Datsyuk wins face-off versus Mike Richards in Red Wings zone.
9:15 of 1st period - Snap shot by Pavel Datsyuk.
9:15 of 1st period - Shot Blocked by Ole-Kristian Tollefsen.
9:17 of 1st period - Snap shot by Pavel Datsyuk.
9:17 of 1st period - Shot Misses the Net.
9:31 of 1st period - Mike Brown is hit by Ole-Kristian Tollefsen and loses puck.
9:40 of 1st period - Snap shot by Phil Kessel.
9:40 of 1st period - Stopped by Rick DiPietro with a rebound.
9:42 of 1st period - Snap shot by Tyler Johnson.
9:42 of 1st period - Shot Misses the Net.
9:52 of 1st period - Jeff Taffe is hit by Chris Kelly and loses puck.
9:57 of 1st period - Slapshot by Brent Seabrook.
9:57 of 1st period - Shot Misses the Net.
10:01 of 1st period - Snap shot by Chris Kelly.
10:01 of 1st period - Stopped by Rick DiPietro without a rebound.
10:02 of 1st period - Pavel Datsyuk wins face-off versus Mike Richards in Blue Jackets zone.
10:31 of 1st period - Icing by Tim Ramholt.
10:32 of 1st period - Tyler Johnson wins face-off versus Peter Mueller in Blue Jackets zone.
10:50 of 1st period - Snap shot by Tyler Johnson.
10:50 of 1st period - Shot Blocked by Torey Krug.
10:52 of 1st period - Snap shot by Philip Samuelsson.
10:52 of 1st period - Shot Misses the Net.
10:54 of 1st period - Slapshot by Ole-Kristian Tollefsen.
10:54 of 1st period - Deflect By Torey Krug.
10:54 of 1st period - Stopped by Rick DiPietro with a rebound.
10:56 of 1st period - Wrist shot by Sean Bergenheim.
10:56 of 1st period - Stopped by Rick DiPietro with a rebound.
11:01 of 1st period - Minor Penalty to Torey Krug for Tripping.
11:02 of 1st period - Mike York wins face-off versus Rick Nash in Blue Jackets zone.
11:10 of 1st period - Wrist shot by Rick Nash.
11:10 of 1st period - Shot Misses the Net.
11:12 of 1st period - Snap shot by Rick Nash.
11:12 of 1st period - Shot Misses the Net.
11:14 of 1st period - Wrist shot by Brent Seabrook.
11:14 of 1st period - Shot Blocked by Mike York.
11:16 of 1st period - Snap shot by Sean Bergenheim.
11:16 of 1st period - Stopped by Rick DiPietro with a rebound.
12:10 of 1st period - Tyler Johnson is hit by Peter Worrell and loses puck.
13:01 of 1st period - Penalty to Torey Krug is over, Torey Krug is back on ice.
13:11 of 1st period - Filip Kuba is hit by Jan Bulis and loses puck.
13:16 of 1st period - Slapshot by Jeff Taffe.
13:16 of 1st period - Deflect By Jan Bulis.
13:16 of 1st period - Shot Misses the Net.
13:16 of 1st period - Puck is out of play.
13:17 of 1st period - Nino Niederreiter wins face-off versus Kevin Porter in Red Wings zone.
13:17 of 1st period - Nino Niederreiter is hit by Andreas Nodl.
13:20 of 1st period - Minor Penalty to Alex Picard for Holding.
13:21 of 1st period - Tyler Johnson wins face-off versus Pavel Datsyuk in Red Wings zone.
13:29 of 1st period - Snap shot by Branislav Mezei.
13:29 of 1st period - Deflect By Martin Havlat.
13:29 of 1st period - Shot Misses the Net.
13:29 of 1st period - Puck is out of play.
13:30 of 1st period - Pavel Datsyuk wins face-off versus Rick Nash in Red Wings zone.
14:37 of 1st period - Snap shot by Mike York.
14:37 of 1st period - Goal by Mike York - Blue Jackets : 1 - Red Wings : 0.
14:38 of 1st period - Chris Kelly wins face-off versus Peter Mueller in neutral zone.
14:51 of 1st period - Snap shot by Ole-Kristian Tollefsen.
14:51 of 1st period - Shot Blocked by A.J Thelen.
15:28 of 1st period - Off-side.
15:29 of 1st period - Pavel Datsyuk wins face-off versus Tyler Johnson in neutral zone.
15:36 of 1st period - Backhand shot by Filip Kuba.
15:36 of 1st period - Shot Blocked by Branislav Mezei.
16:37 of 1st period - Snap shot by Jan Bulis.
16:37 of 1st period - Stopped by Michal Neuvirth without a rebound.
16:38 of 1st period - Mike Richards wins face-off versus Martin Havlat in Red Wings zone.
16:38 of 1st period - Mike Richards is hit by Martin Havlat.
16:50 of 1st period - Minor Penalty to Pavel Datsyuk for Tripping.
16:51 of 1st period - Mike York wins face-off versus Sean Bergenheim in Blue Jackets zone.
17:08 of 1st period - Slapshot by Sean Bergenheim.
17:08 of 1st period - Deflect By Mike Richards.
17:08 of 1st period - Shot Blocked by Jeff Taffe.
17:08 of 1st period - Puck is out of play.
17:09 of 1st period - Tyler Johnson wins face-off versus Jeff Taffe in Blue Jackets zone.
17:25 of 1st period - Off-side.
17:26 of 1st period - Rick Nash wins face-off versus Mike York in neutral zone.
17:28 of 1st period - Off-side.
17:29 of 1st period - Rick Nash wins face-off versus Mike York in neutral zone.
17:58 of 1st period - Snap shot by Sean Bergenheim.
17:58 of 1st period - Stopped by Rick DiPietro without a rebound.
17:59 of 1st period - Mike York wins face-off versus Tyler Johnson in Blue Jackets zone.
18:32 of 1st period - Torey Krug is hit by Rick Nash and loses puck.
18:50 of 1st period - Penalty to Pavel Datsyuk is over, Pavel Datsyuk is back on ice.
18:55 of 1st period - Wrist shot by Pavel Datsyuk.
18:55 of 1st period - Goal by Pavel Datsyuk - Blue Jackets : 2 - Red Wings : 0.
18:56 of 1st period - Pavel Datsyuk wins face-off versus Mike Richards in neutral zone.
19:22 of 1st period - Branislav Mezei is hit by Tyler Johnson and loses puck.
19:27 of 1st period - Snap shot by Tyler Johnson.
19:27 of 1st period - Shot Misses the Net.
19:29 of 1st period - Slapshot by Brent Seabrook.
19:29 of 1st period - Shot Misses the Net.
19:31 of 1st period - Slapshot by Brendan Bell.
19:31 of 1st period - Stopped by Rick DiPietro with a rebound.
19:33 of 1st period - Snap shot by Tyler Johnson.
19:33 of 1st period - Goal by Tyler Johnson - Blue Jackets : 2 - Red Wings : 1.
19:34 of 1st period - Pavel Datsyuk wins face-off versus Mike Richards in neutral zone.
19:39 of 1st period - Rick Nash is hit by Mike York and loses puck.
Goals for this period are 2 for Blue Jackets vs 1 for Red Wings.
Shots for this period are 9 for Blue Jackets vs 13 for Red Wings.
2nd period
0:01 of 2nd period - Mike Richards wins face-off versus Pavel Datsyuk in neutral zone.
0:06 of 2nd period - Martin Havlat is hit by Rick Nash and loses puck.
0:45 of 2nd period - Minor Penalty to Phil Kessel for Interference.
0:46 of 2nd period - Tyler Johnson wins face-off versus Pavel Datsyuk in Red Wings zone.
0:57 of 2nd period - Nino Niederreiter is hit by Pavel Datsyuk and loses puck.
1:12 of 2nd period - Brent Seabrook is hit by Peter Worrell and loses puck.
2:45 of 2nd period - Penalty to Phil Kessel is over, Phil Kessel is back on ice.
2:54 of 2nd period - Slapshot by Chris Kelly.
2:54 of 2nd period - Shot Misses the Net.
3:16 of 2nd period - Mike Commodore is hit by Filip Kuba and loses puck.
3:35 of 2nd period - Mike Commodore is hit by Mike Richards and loses puck.
3:51 of 2nd period - Wrist shot by Andreas Nodl.
3:51 of 2nd period - Shot Misses the Net.
3:53 of 2nd period - Snap shot by Fedor Fedorov.
3:53 of 2nd period - Shot Misses the Net.
5:10 of 2nd period - Snap shot by Phil Kessel.
5:10 of 2nd period - Stopped by Rick DiPietro with a rebound.
5:12 of 2nd period - Snap shot by Phil Kessel.
5:12 of 2nd period - Shot Misses the Net.
5:14 of 2nd period - Wrist shot by Tyler Johnson.
5:14 of 2nd period - Goal by Tyler Johnson - Blue Jackets : 2 - Red Wings : 2.
5:15 of 2nd period - Pavel Datsyuk wins face-off versus Mike Richards in neutral zone.
5:42 of 2nd period - Branislav Mezei is hit by Brendan Bell and loses puck.
5:46 of 2nd period - Icing by Branislav Mezei.
5:47 of 2nd period - Chris Kelly wins face-off versus Peter Mueller in Blue Jackets zone.
5:50 of 2nd period - Wrist shot by Nino Niederreiter.
5:50 of 2nd period - Shot Misses the Net.
6:03 of 2nd period - Wrist shot by Nino Niederreiter.
6:03 of 2nd period - Stopped by Rick DiPietro without a rebound.
6:04 of 2nd period - Mike Richards wins face-off versus Martin Havlat in Blue Jackets zone.
6:39 of 2nd period - Wrist shot by Mike York.
6:39 of 2nd period - Stopped by Michal Neuvirth with a rebound.
6:41 of 2nd period - Snap shot by Mike York.
6:41 of 2nd period - Stopped by Michal Neuvirth without a rebound.
6:42 of 2nd period - Mike Richards wins face-off versus Peter Mueller in Red Wings zone.
7:01 of 2nd period - Minor Penalty to Philip Samuelsson for Roughing.
7:02 of 2nd period - Pavel Datsyuk wins face-off versus Tyler Johnson in Red Wings zone.
7:08 of 2nd period - Slapshot by Martin Havlat.
7:08 of 2nd period - Stopped by Michal Neuvirth without a rebound.
7:09 of 2nd period - Pavel Datsyuk wins face-off versus Tyler Johnson in Red Wings zone.
7:16 of 2nd period - Backhand shot by Pavel Datsyuk.
7:16 of 2nd period - Stopped by Michal Neuvirth without a rebound.
7:17 of 2nd period - Tyler Johnson wins face-off versus Pavel Datsyuk in Red Wings zone.
7:34 of 2nd period - Snap shot by Sean Bergenheim.
7:34 of 2nd period - Stopped by Rick DiPietro without a rebound.
7:35 of 2nd period - Tyler Johnson wins face-off versus Jan Bulis in Blue Jackets zone.
7:36 of 2nd period - Wrist shot by Nino Niederreiter.
7:36 of 2nd period - Shot Blocked by Kevin Bieksa.
8:08 of 2nd period - Slapshot by Martin Havlat.
8:08 of 2nd period - Shot Misses the Net.
9:01 of 2nd period - Penalty to Philip Samuelsson is over, Philip Samuelsson is back on ice.
9:12 of 2nd period - Wrist shot by Robert Dome.
9:12 of 2nd period - Shot Blocked by Torey Krug.
10:07 of 2nd period - Ales Hemsky is hit by Jeff Taffe and loses puck.
10:41 of 2nd period - Theo Peckham is hit by Kevin Bieksa and loses puck.
10:56 of 2nd period - Theo Peckham is hit by Jeff Taffe and loses puck.
11:16 of 2nd period - Pavel Datsyuk is hit by Sean Bergenheim and loses puck.
11:24 of 2nd period - Icing by A.J Thelen.
11:25 of 2nd period - Mike Richards wins face-off versus Mike York in Blue Jackets zone.
11:40 of 2nd period - Snap shot by Mike Richards.
11:40 of 2nd period - Stopped by Rick DiPietro without a rebound.
11:41 of 2nd period - Tyler Johnson wins face-off versus Peter Mueller in Blue Jackets zone.
11:46 of 2nd period - Slapshot by Phil Kessel.
11:46 of 2nd period - Shot Misses the Net.
11:54 of 2nd period - Wrist shot by Peter Worrell.
11:54 of 2nd period - Shot Misses the Net.
11:56 of 2nd period - Snap shot by Kevin Bieksa.
11:56 of 2nd period - Shot Blocked by Theo Peckham.
12:42 of 2nd period - Slapshot by Brent Seabrook.
12:42 of 2nd period - Stopped by Rick DiPietro with a rebound.
13:27 of 2nd period - Snap shot by Andreas Nodl.
13:27 of 2nd period - Shot Blocked by Ole-Kristian Tollefsen.
13:29 of 2nd period - Slapshot by Torey Krug.
13:29 of 2nd period - Deflect By Peter Mueller.
13:29 of 2nd period - Stopped by Michal Neuvirth without a rebound.
13:30 of 2nd period - Peter Mueller wins face-off versus Mike Richards in Red Wings zone.
13:31 of 2nd period - Wrist shot by Peter Worrell.
13:31 of 2nd period - Stopped by Michal Neuvirth without a rebound.
13:32 of 2nd period - Mike Richards wins face-off versus Mike York in Red Wings zone.
13:41 of 2nd period - Wrist shot by Mike Richards.
13:41 of 2nd period - Shot Misses the Net.
13:43 of 2nd period - Wrist shot by Adam Henrique.
13:43 of 2nd period - Goal by Adam Henrique - Blue Jackets : 2 - Red Wings : 3.
13:44 of 2nd period - Mike Richards wins face-off versus Pavel Datsyuk in neutral zone.
13:52 of 2nd period - Slapshot by Brent Seabrook.
13:52 of 2nd period - Stopped by Rick DiPietro without a rebound.
13:53 of 2nd period - Mike Richards wins face-off versus Pavel Datsyuk in Blue Jackets zone.
15:00 of 2nd period - Snap shot by Rick Nash.
15:00 of 2nd period - Goal by Rick Nash - Blue Jackets : 2 - Red Wings : 4.
15:01 of 2nd period - Tyler Johnson wins face-off versus Peter Mueller in neutral zone.
15:33 of 2nd period - Torey Krug is hit by Nino Niederreiter and loses puck.
15:58 of 2nd period - Wrist shot by Robert Dome.
15:58 of 2nd period - Stopped by Rick DiPietro with a rebound.
16:00 of 2nd period - Snap shot by Robert Dome.
16:00 of 2nd period - Stopped by Rick DiPietro without a rebound.
16:01 of 2nd period - Tyler Johnson wins face-off versus Pavel Datsyuk in Blue Jackets zone.
16:04 of 2nd period - Slapshot by Phil Kessel.
16:04 of 2nd period - Deflect By Tyler Johnson.
16:04 of 2nd period - Stopped by Rick DiPietro with a rebound.
16:06 of 2nd period - Snap shot by Phil Kessel.
16:06 of 2nd period - Stopped by Rick DiPietro with a rebound.
16:12 of 2nd period - Slapshot by Sean Bergenheim.
16:12 of 2nd period - Shot Misses the Net.
16:14 of 2nd period - Slapshot by Sean Bergenheim.
16:14 of 2nd period - Stopped by Rick DiPietro with a rebound.
16:16 of 2nd period - Slapshot by Brendan Bell.
16:16 of 2nd period - Stopped by Rick DiPietro with a rebound.
16:18 of 2nd period - Wrist shot by Brent Seabrook.
16:18 of 2nd period - Shot Blocked by Pavel Datsyuk.
16:39 of 2nd period - Wrist shot by Rick Nash.
16:39 of 2nd period - Shot Hit the Post.
17:01 of 2nd period - Snap shot by Peter Mueller.
17:01 of 2nd period - Stopped by Michal Neuvirth with a rebound.
17:03 of 2nd period - Backhand shot by Mike Brown.
17:03 of 2nd period - Stopped by Michal Neuvirth without a rebound.
17:04 of 2nd period - Tyler Johnson wins face-off versus Pavel Datsyuk in Red Wings zone.
17:04 of 2nd period - Tyler Johnson is hit by Pavel Datsyuk.
17:09 of 2nd period - Sean Bergenheim is hit by Pavel Datsyuk and loses puck.
17:22 of 2nd period - Off-side.
17:23 of 2nd period - Mike Richards wins face-off versus Jan Bulis in neutral zone.
17:31 of 2nd period - Ole-Kristian Tollefsen is hit by Mark Stone and loses puck.
18:15 of 2nd period - Slapshot by A.J Thelen.
18:15 of 2nd period - Shot Blocked by Nino Niederreiter.
18:17 of 2nd period - Snap shot by Mike Brown.
18:17 of 2nd period - Stopped by Michal Neuvirth without a rebound.
18:18 of 2nd period - Mike Richards wins face-off versus Pavel Datsyuk in Red Wings zone.
18:45 of 2nd period - Snap shot by Peter Worrell.
18:45 of 2nd period - Stopped by Michal Neuvirth with a rebound.
19:15 of 2nd period - Snap shot by Nino Niederreiter.
19:15 of 2nd period - Deflect By Chris Kelly.
19:15 of 2nd period - Goal by Chris Kelly - Blue Jackets : 2 - Red Wings : 5.
19:16 of 2nd period - Pavel Datsyuk wins face-off versus Mike Richards in neutral zone.
19:22 of 2nd period - Brendan Bell is hit by Branislav Mezei and loses puck.
19:33 of 2nd period - Adam Henrique is hit by Mike York and loses puck.
Goals for this period are 0 for Blue Jackets vs 4 for Red Wings.
Shots for this period are 10 for Blue Jackets vs 16 for Red Wings.
3rd period
0:01 of 3rd period - Mike Richards wins face-off versus Pavel Datsyuk in neutral zone.
1:10 of 3rd period - Snap shot by Torey Krug.
1:10 of 3rd period - Deflect By Jan Bulis.
1:10 of 3rd period - Stopped by Michal Neuvirth without a rebound.
1:11 of 3rd period - Mike Richards wins face-off versus Jan Bulis in Red Wings zone.
1:11 of 3rd period - Mike Richards is hit by Mark Stone.
1:40 of 3rd period - Snap shot by Phil Kessel.
1:40 of 3rd period - Deflect By Sean Bergenheim.
1:40 of 3rd period - Stopped by Rick DiPietro with a rebound.
1:42 of 3rd period - Slapshot by Ole-Kristian Tollefsen.
1:42 of 3rd period - Stopped by Rick DiPietro with a rebound.
1:44 of 3rd period - Snap shot by Phil Kessel.
1:44 of 3rd period - Shot Blocked by Pavel Datsyuk.
2:00 of 3rd period - Wrist shot by Peter Mueller.
2:00 of 3rd period - Shot Misses the Net.
2:02 of 3rd period - Snap shot by Peter Worrell.
2:02 of 3rd period - Shot Misses the Net.
2:04 of 3rd period - Slapshot by Peter Mueller.
2:04 of 3rd period - Goal by Peter Mueller - Blue Jackets : 3 - Red Wings : 5.
2:05 of 3rd period - Pavel Datsyuk wins face-off versus Mike Richards in neutral zone.
2:12 of 3rd period - Snap shot by Pavel Datsyuk.
2:12 of 3rd period - Shot Blocked by Brendan Bell.
2:14 of 3rd period - Wrist shot by Martin Havlat.
2:14 of 3rd period - Stopped by Michal Neuvirth with a rebound.
2:27 of 3rd period - Icing by Brent Seabrook.
2:28 of 3rd period - Mike Richards wins face-off versus Peter Worrell in Red Wings zone.
2:39 of 3rd period - Slapshot by Sean Bergenheim.
2:39 of 3rd period - Deflect By Phil Kessel.
2:39 of 3rd period - Shot Blocked by Torey Krug.
2:39 of 3rd period - Puck is out of play.
2:40 of 3rd period - Mike York wins face-off versus Mike Richards in Blue Jackets zone.
2:47 of 3rd period - Snap shot by Martin Havlat.
2:47 of 3rd period - Deflect By Mike York.
2:47 of 3rd period - Stopped by Michal Neuvirth with a rebound.
2:55 of 3rd period - Wrist shot by Pavel Datsyuk.
2:55 of 3rd period - Shot Blocked by Ole-Kristian Tollefsen.
3:05 of 3rd period - Peter Worrell is hit by Sean Bergenheim and loses puck.
3:12 of 3rd period - Wrist shot by Tyler Johnson.
3:12 of 3rd period - Stopped by Rick DiPietro with a rebound.
4:16 of 3rd period - Wrist shot by Kevin Porter.
4:16 of 3rd period - Shot Misses the Net.
4:18 of 3rd period - Wrist shot by Andreas Nodl.
4:18 of 3rd period - Shot Blocked by Mike Richards.
4:28 of 3rd period - Mike Brown is hit by Filip Kuba and loses puck.
4:39 of 3rd period - Snap shot by Sean Bergenheim.
4:39 of 3rd period - Stopped by Rick DiPietro with a rebound.
4:51 of 3rd period - Wrist shot by Chris Kelly.
4:51 of 3rd period - Stopped by Rick DiPietro without a rebound.
4:52 of 3rd period - Jan Bulis wins face-off versus Chris Kelly in Blue Jackets zone.
5:01 of 3rd period - Snap shot by Jeff Taffe.
5:01 of 3rd period - Shot Misses the Net.
5:03 of 3rd period - Wrist shot by Jan Bulis.
5:03 of 3rd period - Shot Misses the Net.
5:05 of 3rd period - Slapshot by Jan Bulis.
5:05 of 3rd period - Stopped by Michal Neuvirth with a rebound.
5:07 of 3rd period - Slapshot by Jan Bulis.
5:07 of 3rd period - Stopped by Michal Neuvirth without a rebound.
5:08 of 3rd period - Mike Richards wins face-off versus Pavel Datsyuk in Red Wings zone.
5:18 of 3rd period - Tim Ramholt is hit by Rick Nash and loses puck.
5:33 of 3rd period - Phil Kessel is hit by Tim Ramholt and loses puck.
5:40 of 3rd period - Snap shot by Mike Brown.
5:40 of 3rd period - Shot Hit the Post.
5:42 of 3rd period - Slapshot by Mike Brown.
5:42 of 3rd period - Shot Blocked by Brendan Bell.
5:52 of 3rd period - Mark Stone is hit by Brent Seabrook and loses puck.
6:11 of 3rd period - Wrist shot by Robert Dome.
6:11 of 3rd period - Shot Misses the Net.
6:18 of 3rd period - Icing by Kevin Porter.
6:19 of 3rd period - Mike Richards wins face-off versus Kevin Porter in Blue Jackets zone.
6:20 of 3rd period - Wrist shot by Rick Nash.
6:20 of 3rd period - Stopped by Rick DiPietro with a rebound.
6:22 of 3rd period - Slapshot by Mike Richards.
6:22 of 3rd period - Stopped by Rick DiPietro with a rebound.
6:24 of 3rd period - Slapshot by Ole-Kristian Tollefsen.
6:24 of 3rd period - Stopped by Rick DiPietro with a rebound.
6:42 of 3rd period - Minor Penalty to Fedor Fedorov for Hooking.
6:43 of 3rd period - Mike York wins face-off versus Rick Nash in Blue Jackets zone.
8:32 of 3rd period - Ole-Kristian Tollefsen is hit by Branislav Mezei and loses puck.
8:42 of 3rd period - Penalty to Fedor Fedorov is over, Fedor Fedorov is back on ice.
8:46 of 3rd period - Icing by Adam Henrique.
8:47 of 3rd period - Kevin Porter wins face-off versus Phil Kessel in Red Wings zone.
9:50 of 3rd period - Wrist shot by Martin Havlat.
9:50 of 3rd period - Stopped by Michal Neuvirth with a rebound.
9:56 of 3rd period - Wrist shot by Jeff Taffe.
9:56 of 3rd period - Shot Misses the Net.
10:09 of 3rd period - Off-side.
10:10 of 3rd period - Mike Richards wins face-off versus Andreas Nodl in neutral zone.
10:26 of 3rd period - Slapshot by Kevin Bieksa.
10:26 of 3rd period - Stopped by Michal Neuvirth with a rebound.
10:55 of 3rd period - Wrist shot by Sean Bergenheim.
10:55 of 3rd period - Stopped by Rick DiPietro without a rebound.
10:56 of 3rd period - Peter Mueller wins face-off versus Tyler Johnson in Blue Jackets zone.
11:26 of 3rd period - Mike Richards is hit by Mike Brown and loses puck.
12:09 of 3rd period - Icing by Robert Dome.
12:10 of 3rd period - Pavel Datsyuk wins face-off versus Nate Thompson in Red Wings zone.
12:43 of 3rd period - Slapshot by Branislav Mezei.
12:43 of 3rd period - Stopped by Michal Neuvirth with a rebound.
13:07 of 3rd period - Off-side.
13:08 of 3rd period - Phil Kessel wins face-off versus Pavel Datsyuk in neutral zone.
13:38 of 3rd period - Wrist shot by Peter Worrell.
13:38 of 3rd period - Stopped by Michal Neuvirth with a rebound.
13:40 of 3rd period - Wrist shot by Peter Worrell.
13:40 of 3rd period - Stopped by Michal Neuvirth with a rebound.
13:42 of 3rd period - Slapshot by Peter Mueller.
13:42 of 3rd period - Shot Blocked by Adam Henrique.
14:27 of 3rd period - Off-side.
14:28 of 3rd period - Martin Havlat wins face-off versus Tyler Johnson in neutral zone.
15:19 of 3rd period - Peter Worrell is hit by Tyler Johnson and loses puck.
15:30 of 3rd period - Wrist shot by Tyler Johnson.
15:30 of 3rd period - Goal by Tyler Johnson - Blue Jackets : 3 - Red Wings : 6.
15:31 of 3rd period - Mike Richards wins face-off versus Pavel Datsyuk in neutral zone.
16:03 of 3rd period - Robert Dome is hit by Martin Havlat and loses puck.
16:10 of 3rd period - Slapshot by Martin Havlat.
16:10 of 3rd period - Shot Blocked by Nate Thompson.
16:26 of 3rd period - Branislav Mezei is hit by Robert Dome and loses puck.
16:45 of 3rd period - Filip Kuba is hit by Martin Havlat and loses puck.
17:08 of 3rd period - Wrist shot by Ales Hemsky.
17:08 of 3rd period - Shot Misses the Net.
17:41 of 3rd period - Snap shot by Pavel Datsyuk.
17:41 of 3rd period - Stopped by Michal Neuvirth without a rebound.
17:42 of 3rd period - Mike Richards wins face-off versus Peter Mueller in Red Wings zone.
17:52 of 3rd period - Icing by Branislav Mezei.
17:53 of 3rd period - Mike Richards wins face-off versus Peter Mueller in Blue Jackets zone.
18:41 of 3rd period - Philip Samuelsson is hit by Tim Ramholt.
19:27 of 3rd period - Wrist shot by Adam Henrique.
19:27 of 3rd period - Shot Misses the Net.
19:29 of 3rd period - Snap shot by Mike Richards.
19:29 of 3rd period - Shot Blocked by Tim Ramholt.
19:31 of 3rd period - Snap shot by Mike Richards.
19:31 of 3rd period - Stopped by Rick DiPietro without a rebound.
19:32 of 3rd period - Chris Kelly wins face-off versus Jan Bulis in Blue Jackets zone.
Goals for this period are 1 for Blue Jackets vs 1 for Red Wings.
Shots for this period are 12 for Blue Jackets vs 11 for Red Wings.
Back to the Top